 Dungeon Crawl Stone Soup version 0.29.1-2-gbd0b4ee654 (webtiles) character file.

Game seed: 14365034814781504424

39 raph the Stinger (level 3, 0/24 HPs)
             Began as a Merfolk Venom Mage on Nov 4, 2022.
             Slain by a goblin
             ... wielding a +0 dagger
             ... led by Robin
              (3 damage)
             ... on level 1 of the Dungeon.
             The game lasted 00:02:14 (1520 turns).

raph the Stinger (Merfolk Venom Mage)               Turns: 1520, Time: 00:02:15

Health: 0/24       AC:  2    Str:  8    XL:     3   Next: 45%
Magic:  4/6        EV: 12    Int: 16    God:
Gold:   61         SH:  0    Dex: 14    Spells: 0/6 levels left

rFire   . . .      SeeInvis .   d - +0 dagger
rCold   . . .      Faith    .   (no shield)
rNeg    . . .      Spirit   .   a - +0 robe
rPois   .          Reflect  .   (no helmet)
rElec   .          Harm     .   c - scarf {repulsion}
rCorr   .          Rampage  .   (no gloves)
Will    .....                   (no boots)
Stlth   ++........              (no amulet)
HPRegen 0.08/turn               (no ring)
MPRegen 0.10/turn               (no ring)

@: repel missiles
A: (nimble swimmer 2), mertail
a: no special abilities


You were on level 1 of the Dungeon.
You visited 1 branch of the dungeon, and saw 2 of its levels.

You collected 61 gold pieces.

Inventory:

Hand Weapons
 d - a +0 dagger (weapon)
Armour
 a - a +0 robe (worn)
 c - a scarf of repulsion (worn)
Scrolls
 f - 3 scrolls of blinking {unknown}
 g - a scroll of fear {unknown}
 i - a scroll of identify {unknown}
Potions
 h - a potion of curing {unknown}
 j - a potion of berserk rage {unknown}
 k - a potion of attraction {unknown}


   Skills:
 - Level 2.6 Dodging
 - Level 2.1 Stealth
 - Level 2.0 Spellcasting
 - Level 1.3 Transmutations
 + Level 4.9 Poison Magic


You couldn't memorise any spells.
You knew the following spells:

 Your Spells              Type           Power      Damage    Failure   Level
a - Sting                 Tmut/Pois      44%        1d5       6%          1
b - Poisonous Vapours     Pois/Air       18%        N/A       12%         2
c - Mephitic Cloud        Conj/Pois/Air  6%         N/A       32%         3

Your spell library contained the following spells:

 Spells                   Type           Power      Damage    Failure   Level
 Freeze                   Ice            4%         1d3       21%         1
 Olgreb's Toxic Radiance  Pois           17%        N/A       28%         4
 Frozen Ramparts          Ice            2%         1d1       52%         3
 Hailstorm                Conj/Ice       1%         3d3       90%         4


Dungeon Overview and Level Annotations

Branches:
Dungeon (2/15)

Altars:


Innate Abilities, Weirdness & Mutations

((You are very nimble when in or above water. (Stealth+, EV+, Speed+++)))
Your lower body shifts to a powerful aquatic tail in water.


Message History

Robin is heavily wounded.
Robin throws the goblin at you!
Aiming: Sting (safe; 6% risk of failure)
Press: ? - help, Q - select action, (/) - cycle Shift-Dir - straight line, f/p - Robin
Aim: Robin, wielding a +0 dagger, wearing a +0 animal skin and wearing a +0 helmet (heavily wounded, very poisoned, 79% to hit)
The sting hits Robin but does no damage.
Robin looks as sick as possible!
Robin is heavily wounded.
The goblin hits you with a +0 dagger. The goblin barely misses you.
Robin hits you but does no damage.
Aiming: Sting (safe; 6% risk of failure)
Press: ? - help, Q - select action, (/) - cycle Shift-Dir - straight line, f/p - Robin
Aim: Robin, wielding a +0 dagger, wearing a +0 animal skin and wearing a +0 helmet (severely wounded, extremely poisoned, 79% to hit)
The sting hits Robin.
Robin looks as sick as possible!
Robin is severely wounded.
The goblin hits you but does no damage. The goblin barely misses you.
The goblin shoots a sling bullet.
The sling bullet barely misses you.
You barely miss Robin.
Robin is severely wounded.
The goblin barely misses you. The goblin hits you with a +0 dagger.
The hobgoblin misses you. The goblin misses you. Robin barely misses you.
The goblin unwields a +0 sling.
The goblin wields a +0 club.
The goblin hits you with a +0 club.
You climb upwards.
There is a stone staircase leading down here.
You barely miss Robin.
Robin is almost dead.
The goblin closely misses you. The hobgoblin hits you.
* * * LOW HITPOINT WARNING * * *
Robin barely misses you.
You hit Robin.
You kill Robin!
The goblin hits you with a +0 club.
* * * LOW HITPOINT WARNING * * *
The goblin closely misses you.
The air fills with toxic fumes!
As you read the scroll labelled GUVOWNI EGEC, it crumbles to dust.
It was a scroll of poison.
The goblin hits you but does no damage. The hobgoblin closely misses you.
The goblin hits you with a +0 dagger.
You die...

##.##.# ######.....#............
...##.# #...........#...........
#####.# #.#####.....#...........
#.###.## #.# #....#.#..........
.#.#...###.# #.....).#.........
.#.#.......# ##........###......
###.#.###..# #§...........#.....
# ###.#
#§§####g####.#########.#. # #.#
#§§§§§§g@g##.# #........
#####.####§######g##.# #.####.##
........##.# #§##.# #.# #.#
...........# #§##.# #.# #.#
#######'##.# ##§##.# #.# #.#
#........#.# #.§§..# #.####.##
#........#.#####.§#### #.##.....
#........#.##....§## #.##.#.##
#........#.##......######.##.#.#


You could see a hobgoblin (strong) and 3 goblins.

Vanquished Creatures
  Robin (D:1)
  A dart slug (D:2)
  A bat (D:1)
  2 endoplasms (D:1)
  6 goblins
  3 hobgoblins (D:1)
  2 jackals (D:1)
  2 quokkas (D:1)
  A kobold (D:1)
  3 rats (D:1)
22 creatures vanquished.

Notes
Turn   | Place    | Note
-------+----------+-------------------------------------------
     0 | D:1      | raph the Merfolk Venom Mage began the quest for the Orb.
     0 | D:1      | Reached XP level 1. HP: 13/13 MP: 3/3
   205 | D:1      | Found a faded altar of an unknown god.
   218 | D:1      | Reached XP level 2. HP: 11/19 MP: 3/5
   300 | D:1      | Reached skill level 4 in Poison Magic
   351 | D:1      | Learned a level 2 spell: Poisonous Vapours
   923 | D:2      | Noticed Robin
  1317 | D:1      | Reached XP level 3. HP: 24/24 MP: 3/6
  1321 | D:1      | Learned a level 3 spell: Mephitic Cloud
  1519 | D:1      | Killed Robin
  1520 | D:1      | Slain by a goblin

Illustrated notes

Levels and vault maps discovered:
D:1:      dpeg_arrival_solitude, layout_loops_ring,
          ebering_ecumenical_altar_sacrificial, minivault_25,
          grunt_decor_resistance
D:2:      layout_rooms, nicolae_hexahallways, eino_tiny_chamber, uniq_robin

Skill      XL: |  1  2 |
---------------+-------+-----
Poison Magic   | 4 |  4.9
Dodging        | |  2.6
Stealth        | |  2.1
Spellcasting   | |  2.0
Transmutations | |  1.3

Action                   || total
-------------------------++-------
Melee: Dagger            ||    19
 Cast: Sting             ||    33
       Poisonous Vapours ||     6
  Use: Scroll            ||     1
       Potion            ||     1
Armor: Robe              ||     6
Dodge: Dodged            ||    35
       Repelled          ||     2
